Unix NetHack Version 3.7.0-71 Work-in-progress - last build Jan 31 2023 02:41:03 (7ba98a1283f2b7cec35fde026edb48fc825ab8ae,branch:master). Game began 2023-02-12 12:00:45, ended 2023-02-12 12:08:45. Gandelf, neutral male human Monk --- ---- ---.---..| ---- --....|)<.| |..---.... ..--- |@h...... ..| ---..... ..- ..... ...| .-... ...# -... ...-- |).. ......- --.....).).. --.......- |.....-- --.- --- Gandelf the Novice St:13 Dx:13 Co:11 In:12 Wi:15 Ch:11 Neutral S:1031 Dlvl:5 $:239 HP:0(28) Pw:18(18) AC:4 Xp:4/138 T:1110 Burdened Latest messages: The door opens. $ - 10 gold pieces (239 in total). You descend the stairs. What do you want to eat? [f-ilqrxy or ?*] ? This lichen corpse tastes delicious! You finish eating the lichen corpse. You kill the gnome! You see here a thonged club. You hit the dwarf! The dwarf thrusts her broad short sword. The dwarf hits! You kill the dwarf! E - a dwarvish iron helm. You have a little trouble lifting a dwarvish roundshield. Continue? [ynq] (q) y You have a little trouble lifting F - a dwarvish roundshield. You have a little trouble lifting G - a dwarvish cloak. Your movements are slowed slightly because of your load. What do you want to wear? [EF or ?*] ? You finish your dressing maneuver. What do you want to wear? [F or ?*] F You are now wearing a dwarvish roundshield. What do you want to take off? [abEF or ?*] F You can't. It is cursed. You see here a corroded stout spear. A stout spear misses you. You are carrying too much to get through. You hit the dwarf lord. You miss the dwarf lord. The dwarf lord swings his broad pick. The dwarf lord misses! The dwarf lord swings his broad pick. The dwarf lord misses! You miss the dwarf lord. The dwarf lord swings his broad pick. The dwarf lord misses! The dwarf lord swings his broad pick. The dwarf lord hits! You are beginning to feel hungry. What do you want to drink? [ev or ?*] ? Never mind. What do you want to eat? [f-iqrxy or ?*] ? This lembas wafer is delicious! You stop eating the lembas wafer. You miss the dwarf lord. You hit the dwarf lord. You hit the dwarf lord! The dwarf lord swings his broad pick. The dwarf lord hits! You die... Do you want your possessions identified? [ynq] (y) q Inventory: Coins $ - 239 gold pieces Weapons m - a blessed +0 arrow n - 8 cursed -1 arrows Armor E - an uncursed +0 dwarvish iron helm (being worn) a - an uncursed +2 pair of leather gloves (being worn) F - a cursed -4 dwarvish roundshield (being worn) G - a cursed +0 dwarvish cloak b - an uncursed +1 robe (being worn) Comestibles g - 5 uncursed apples f - 4 uncursed food rations q - an uncursed food ration i - 4 uncursed fortune cookies r - an uncursed fortune cookie x - an uncursed partly eaten lembas wafer h - 6 uncursed oranges y - an uncursed tripe ration Scrolls d - an uncursed scroll of enchant armor k - a cursed scroll of enchant armor D - an uncursed scroll of light t - a cursed scroll of magic mapping j - a blessed scroll of teleportation Spellbooks s - an uncursed spellbook of cancellation B - an uncursed spellbook of cure sickness z - an uncursed spellbook of detect monsters C - an uncursed spellbook of extra healing A - an uncursed spellbook of magic mapping Potions v - an uncursed potion of sickness e - 3 uncursed potions of water Rings u - a cursed -1 ring of gain strength Tools o - a cursed leash w - an uncursed lock pick Gems/Stones p - 2 uncursed worthless pieces of violet glass Gandelf the Monk's attributes: Background: You were a Novice, a level 4 male human Monk. You were neutral, nominally on a mission for Chih Sung-tzu who was opposed by Shan Lai Ching (lawful) and Huan Ti (chaotic). You were in the Gnomish Mines, on level 5. You entered the dungeon 1110 turns ago. You had 138 experience points, 22 more were needed to attain level 5. Your score was 1031 before end-of-game adjustments. Basics: You had 0 out of 28 hit points. You had all 18 energy points (spell power). Your armor class was 4. Your wallet contained 239 zorkmids. Autopickup was on for '$?!+/=' plus thrown. Final Characteristics: Your strength was 13 (limit:18/100). Your dexterity was 13 (limit:18). Your constitution was 11 (limit:18). Your intelligence was 12 (limit:18). Your wisdom was 15 (limit:18). Your charisma was 11 (limit:18). Final Status: You were not hungry. You were burdened; movement was slightly slowed. You were empty handed. You had basic skill with martial arts. Final Attributes: You were devoutly aligned. You were sleep resistant. You were poison resistant. You saw invisible. You were guarded. You were fast. You are dead. Miscellaneous: You never encountered a bones level. Total elapsed playing time was 8 minutes. Major events: Turn 1: Gandelf the neutral male human Monk entered the dungeon 816: attained the rank of Novice (level 3) 1051: entered the Gnomish Mines 1110: killed by a dwarf lord Vanquished creatures: a large mimic a fog cloud a dwarf an orc zombie an iguana a hobgoblin a gnome 5 jackals a fox 2 goblins 2 grid bugs 3 lichens 2 newts 22 creatures vanquished. No species were genocided or became extinct. Voluntary challenges: You followed a strict vegan diet. You were an atheist. You never hit with a wielded weapon. You were illiterate. You never engraved Elbereth. You never genocided any monsters. You never polymorphed an object. You never changed form. You used no wishes. Achievements: You entered a shop. You attained the rank of Novice. You entered the Gnomish Mines. The Dungeons of Doom: levels 1 to 4 Level 1: A fountain, a sink, a grave. Level 2: A general store, a fountain, a sink. Level 3: Level 4: Stairs down to The Gnomish Mines. The Gnomish Mines: Level 5: <- You were here. Final resting place for you, killed by a dwarf lord. Game over: ---------- / \ / REST \ / IN \ / PEACE \ / \ | Gandelf | | 239 Au | | killed by a | | dwarf lord | | | | | | 2023 | *| * * * | * _________)/\\_//(\/(/\)/\//\/|_)_______ Goodbye Gandelf the Monk... You died in The Gnomish Mines on dungeon level 5 with 1008 points, and 239 pieces of gold, after 1110 moves. You were level 4 with a maximum of 28 hit points when you died.